 Dungeon Crawl Stone Soup version 0.32-a0-520-g344ed53f66 (webtiles) character file.

Game seed: 17331060158711811079

389 retardedninja the Shield-Bearer (level 6, 0/55 HPs)
             Began as a Mountain Dwarf Fighter on Feb 27, 2024.
             Incinerated by a bombardier beetle (2 damage)
             ... with a burning spray
             ... on level 4 of the Dungeon.
             The game lasted 00:03:50 (3069 turns).

retardedninja the Shield-Bearer (MDFi)              Turns: 3069, Time: 00:03:50

Health: 0/55       AC: 15    Str: 18 (20) XL:     6   Next: 49%
Magic:  6/6        EV:  5    Int:  7 (9)  God:
Gold:   155        SH:  4    Dex:  6 (9)  Spells: 5/5 levels left

rFire   . . .        a - +0 war axe
rCold   . . .        c - +0 buckler
rNeg    . . .        k - +0 plate armour
rPois   .            (no helmet)
rElec   .            p - +0 cloak
rCorr   .            x - +0 pair of gloves
SInv    .            j - +0 pair of boots
Will    .....        (no amulet) Stlth
                     (no ring)
HPRegen 0.29/turn    (no ring)
MPRegen 0.10/turn

%: no passive effects
@: on fire, hasted, glowing, very quick
A: runic magic, artefact enchanting
a: no special abilities


You were on level 4 of the Dungeon.
You visited 1 branch of the dungeon, and saw 4 of its levels.

You collected 155 gold pieces.

Inventory:

Hand Weapons
 a - a +0 war axe (weapon)
Armour
 c - a +0 buckler (worn)
 j - a +0 pair of boots (worn)
 k - a +0 plate armour (worn)
 p - a +0 cloak (worn)
 x - a +0 pair of gloves (worn)
Wands
 v - a wand of light (4)
Scrolls
 b - 3 scrolls of identify {unknown}
 f - a scroll of acquirement {unknown}
 g - 3 scrolls of enchant armour {unknown}
 i - a scroll of amnesia {unknown}
 m - a scroll of teleportation {unknown}
 n - a scroll of blinking {unknown}
 o - a scroll of noise {unknown}
 q - a scroll of fear {unknown}
 s - a scroll of poison {unknown}
 w - a scroll of immolation {unknown}
 y - a scroll of vulnerability {unknown}
Potions
 d - a potion of might
 e - a potion of haste
 l - a potion of heal wounds {unknown}
 t - a potion of attraction {unknown}
 u - a potion of enlightenment {unknown}


   Skills:
 + Level 4.9 Fighting
 + Level 4.6 Axes
 + Level 4.8 Armour
 + Level 5.0 Shields


You had 5 spell levels left.
You didn't know any spells.
Your spell library was empty.

Dungeon Overview and Level Annotations

Branches:
Dungeon (4/15)
 Temple: D:4-7

Altars:


Innate Abilities, Weirdness & Mutations

Your spellcasting is much less encumbered by armour.
You can use scrolls of enchantment on lesser artefacts.


Message History

You shake off some of the fire as you move.
The liquid fire burns you!
You slash the bombardier beetle!
The bombardier beetle is moderately wounded.
The liquid fire burns you!
The bombardier beetle sprays incendiary fluid at you.
The burning spray hits you.
You are even more covered in liquid fire!
You barely miss the bombardier beetle.
The bombardier beetle is moderately wounded.
The liquid fire burns you!
You hit the bombardier beetle.
The bombardier beetle is severely wounded.
The liquid fire burns you!
The bombardier beetle bites you but does no damage.
You hit the bombardier beetle but do no damage.
The bombardier beetle is severely wounded.
The liquid fire burns you!
You block the bombardier beetle's attack.
You hit the bombardier beetle.
The bombardier beetle is almost dead.
The liquid fire burns you!
* * * LOW HITPOINT WARNING * * *
The bombardier beetle bites you but does no damage.
You barely miss the bombardier beetle.
The bombardier beetle is almost dead.
The liquid fire burns you!
* * * LOW HITPOINT WARNING * * *
You block the bombardier beetle's attack.
It was a potion of haste.
You feel yourself speed up. The liquid fire burns you!
* * * LOW HITPOINT WARNING * * *
It was a potion of degeneration.
There was something very wrong with that liquid.
You feel weakened.
You feel dopey.
You feel clumsy. The liquid fire burns you!
* * * LOW HITPOINT WARNING * * *
The bombardier beetle bites you but does no damage.
It was a potion of magic.
Magic courses through your body. The liquid fire burns you!
You die...

#.#...######.#
#.#...#
#.#...###
#.......#
#.#####.###
#######...#
#....##.#
#.##.##.#
#.B@..#
#.....#
#.#...#
#.#.### ..#.#
## #.# #.# #.#
##


You could see a bombardier beetle.

Vanquished Creatures
  2 phantoms (D:4)
  A scorpion (D:4)
  A sleepcap (D:3)
  An orc wizard (D:4)
  4 adders
  A dart slug (D:1)
  A ribbon worm (D:4)
  7 orcs
  5 endoplasms
  9 giant cockroaches
  9 hobgoblins
  6 jackals (D:1)
  A quokka (D:1)
  6 ball pythons
  7 bats
  5 frilled lizards
  3 goblins (D:3)
  4 kobolds
  9 rats
82 creatures vanquished.

Notes
Turn   | Place    | Note
-------+----------+-------------------------------------------
     0 | D:1      | retardedninja the Mountain Dwarf Fighter began the quest
                  | for the Orb.
     0 | D:1      | Reached XP level 1. HP: 19/19 MP: 1/1
   229 | D:1      | Reached XP level 2. HP: 24/26 MP: 2/2
   377 | D:1      | Reached XP level 3. HP: 32/33 MP: 3/3
  1408 | D:3      | Reached XP level 4. HP: 34/40 MP: 4/4
  1470 | D:3      | Reached skill level 4 in Shields
  2249 | D:4      | Noticed a phantom
  2256 | D:4      | Noticed a scorpion
  2264 | D:4      | Killed a scorpion
  2265 | D:4      | Reached XP level 5. HP: 24/47 MP: 5/5
  2274 | D:4      | Killed a phantom
  2642 | D:4      | Reached XP level 6. HP: 45/53 MP: 6/6
  2956 | D:4      | Reached skill level 5 in Shields
  3068 | D:4      | HP: 1/55 [burnt (4)]
  3069 | D:4      | Incinerated by a bombardier beetle

Illustrated notes

Levels and vault maps discovered:
D:1:      ebering_hopf_link, layout_basic, minmay_octomino_j4
D:2:      layout_rooms
D:3:      layout_basic
D:4:      layout_basic, mainiacjoe_overflow_swirl

Skill      XL: |  1  2  3  4  5  6 |
---------------+-------------------+-----
Axes           | 3 4 |  4.6
Fighting       | 4 |  4.9
Armour         | 4 |  4.8
Shields        | 4 5 |  5.0

Action                     |  1- 3 |  4- 6 || total
---------------------------+-------+-------++-------
  Melee: War axe           |   133 |   156 ||   289
  Evoke: Wand              |       |     4 ||     4
    Use: Potion            |       |     3 ||     3
 Armour: Scale mail        |    73 |       ||    73
         Plate armour      |    55 |   140 ||   195
  Dodge: Dodged            |    65 |    41 ||   106
         Repelled          |     1 |       ||     1
  Block: Buckler           |    33 |    36 ||    69

Table legend: (Time is in decaauts)
 A = Elapsed time spent in this place.
 B = Non-inter-level travel time spent in this place.
 C = Inter-level travel time spent in this place.
 D = Time resting spent in this place.
 E = Time spent auto-exploring this place.
 F = Levels seen in this place.
 G = Mean time per level.
                   A        B        C        D        E       F      G
               +--------+--------+--------+--------+--------+-----+--------+
         Total |   3170 |   3079 |     91 |    338 |   2056 |   4 |  792.5 |
       Dungeon |   3170 |   3079 |     91 |    338 |   2056 |   4 |  792.5 |
               +--------+--------+--------+--------+--------+-----+--------+

Top non-repeatable levels by time:
     D:3: 960 daAuts
     D:1: 906 daAuts
     D:4: 850 daAuts
     D:2: 453 daAuts
